 Dungeon Crawl Stone Soup version 0.32-a0-711-g016ad743e0 (webtiles) character file.

Game seed: 2995018305753680706

1364062 NormalPerson7 the Eclecticist (level 25, 221/221 HPs)
             Began as a Demigod Summoner on Mar 14, 2024.
             Escaped with the Orb
             ... and 3 runes on Mar 15, 2024!
             The game lasted 06:43:24 (112308 turns).

NormalPerson7 the Eclecticist (Demigod Summoner)  Turns: 112308, Time: 06:43:25

Health: 221/221    AC: 37    Str: 13    XL:     25   Next: 26%
Magic:  51/51      EV: 25    Int: 48    God:
Gold:   3056       SH:  8    Dex: 22    Spells: 3/59 levels left

rFire   + + +        C - +3 Elemental Staff {ele, rElec rF+ rC+ AC+3}
rCold   + + .        s - +1 buckler of Awe {rPois rC+ rN+ Stlth+}
rNeg    + . .        w - quicksilver dragon scales
rPois   +            E - +3 crown of Dyrovepreva {rElec Int+2 SInv}
rElec   +            r - +4 dragonskin cloak {Aegis}
rCorr   +            K - +2 pair of gloves
SInv    +            m - +2 pair of slick slippers {slick, slippery, EV+4}
Will    ++++.        G - amulet "Yschum" {Acrobat rElec rF++ Int+3 Stlth-}
Stlth   +            A - +4 ring of protection
HPRegen 0.56/turn    k - ring of Ukegimol {Will+ rCorr Int+6}
MPRegen 0.32/turn

%: acrobat
@: studying 2 skills
A: high MP 1, forlorn, divine attributes, claws 1, deterioration 1, screaming 1
0: Orb of Zot
}: 3/15 runes: barnacled, slimy, gossamer
a: no special abilities


You escaped.
You visited 10 branches of the dungeon, and saw 51 of its levels.
You visited 1 bazaar.
You also visited: Ossuary, Ice Cave and Volcano.

You collected 7868 gold pieces.
You spent 4812 gold pieces at shops.

Inventory:

Hand Weapons
 C - the +3 Elemental Staff (weapon) {ele, rElec rF+ rC+ AC+3}
   (You found it on level 5 of the Pits of Slime)

   AC+3:      It affects your AC (+3).
   rF+:       It protects you from fire.
   rC+:       It protects you from cold.
   rElec:     It insulates you from electricity.
Missiles
 I - 6 throwing nets (quivered) {!f}
Armour
 m - the +2 pair of slick slippers (worn) {slick, slippery, EV+4}
   (You found it on level 4 of the Realm of Zot)

   Slick:     Its wearer cannot be constricted, engulfed, netted, webbed, or
   stopped by binding sigils.
   Slippery:  Its wearer slips away from damaging melee attacks, pulling the
   attacker onward.
   EV+4:      It affects your evasion (+4).
 q - the +3 warlock's mirror {omnireflect}
   (You found it on level 2 of the Realm of Zot)

   Omnireflect: It can block and reflect piercing ranged attacks and magical
   attacks against the wielder's willpower.
 r - the +4 dragonskin cloak (worn) {Aegis}
   (You took it off Tiamat on level 4 of the Depths)

   Avatar's Aegis: It grants the wearer a chance to resist fire, cold, poison,
   electricity, acid, and negative energy.
 s - the +1 buckler of Awe (worn) {rPois rC+ rN+ Stlth+}
   (You bought it in a shop on level 2 of the Orcish Mines)

   rC+:       It protects you from cold.
   rPois:     It protects you from poison.
   rN+:       It protects you from negative energy.
   Stlth+:    It makes you more stealthy.
 w - quicksilver dragon scales (worn)
 E - the +3 crown of Dyrovepreva (worn) {rElec Int+2 SInv}
   (You found it on level 2 of the Realm of Zot)

   Int+2:     It affects your intelligence (+2).
   rElec:     It insulates you from electricity.
   SInv:      It lets you see invisible.
 H - the +3 pair of seven-league boots {Rampage+∞}
   (You bought it in a shop in a bazaar)

   Rampage+∞: When moving toward enemies, its wearer moves as far as possible,
   alerting their target en route.
 K - a +2 pair of gloves (worn)
Jewellery
 k - the ring of Ukegimol (right hand) {Will+ rCorr Int+6}
   (You found it on level 5 of the Pits of Slime)

   [ring of intelligence]

   Int+6:     It affects your intelligence (+6).
   Will+:     It increases your willpower.
   rCorr:     It protects you from acid and corrosion.
 A - a +4 ring of protection (left hand)
 G - the amulet "Yschum" (around neck) {Acrobat rElec rF++ Int+3 Stlth-}
   (You took it off a merfolk siren on level 4 of the Shoals)

   [amulet of the acrobat]

   Acrobat:   It increases your evasion while moving and waiting.
   Int+3:     It affects your intelligence (+3).
   rF++:      It greatly protects you from fire.
   rElec:     It insulates you from electricity.
   Stlth-:    It makes you less stealthy.
 J - a ring of fire
 M - a ring of magical power
Wands
 b - a wand of digging (16)
 i - a wand of polymorph (35)
 j - a wand of warping (36)
 y - a wand of flame (9)
 L - a wand of charming (47)
 Q - a wand of light (14)
 U - a wand of mindburst (20)
Scrolls
 e - 3 scrolls of summoning
 g - 11 scrolls of vulnerability
 n - 5 scrolls of fear
 o - 3 scrolls of poison
 t - 22 scrolls of teleportation
 x - 8 scrolls of blinking
 D - 7 scrolls of fog
 S - 2 scrolls of silence
 V - 3 scrolls of immolation
Potions
 c - 22 potions of curing
 d - 2 potions of enlightenment
 f - 9 potions of haste
 h - 14 potions of heal wounds
 l - 4 potions of cancellation
 u - a potion of berserk rage
 v - 5 potions of brilliance
 z - 2 potions of invisibility
 B - 7 potions of lignification
 F - 3 potions of magic
 N - 3 potions of ambrosia
 T - 4 potions of resistance
 X - 3 potions of might
 Y - 3 potions of mutation
Miscellaneous
 a - a phantom mirror (inert)
 p - a lightning rod (4/4)
 O - a phial of floods
 R - a tin of tremorstones (2/2)


   Skills:
 - Level 17.0 Fighting
 - Level 17.0 Armour
 - Level 17.0 Dodging
 - Level 1.7 Stealth
 + Level 9.7 Shields
 - Level 17.5 Spellcasting
 - Level 15.0 Conjurations
 - Level 8.0 Summonings
 - Level 15.0 Ice Magic
 - Level 6.0 Air Magic
 - Level 15.0 Earth Magic
 - Level 10.5 Alchemy
 - Level 12.0 Evocations


You had 3 spell levels left.
You knew the following spells:

 Your Spells              Type           Power      Damage    Failure   Level
a - Summon Small Mammal   Summ           100%       N/A       1%          1
c - Call Canine Familiar  Summ           87%        N/A       1%          3
d - Lee's Rapid Deconstr  Erth           67%        3d31*     1%          5
e - Permafrost Eruption   Ice/Erth       80%        2x4d22    1%          6
f - Freezing Cloud        Conj/Ice/Air   75%        6-21      1%          5
i - Irradiate             Conj/Alch      52%        3d29      1%          5
r - Ozocubu's Refrigerat  Ice            67%        4d22      1%          7
s - Summon Lightning Spi  Summ/Air       100%       N/A       1%          4
u - Yara's Violent Unrav  Hex/Alch       37%        3d15      3%          5
x - Bombard               Conj/Erth      67%        9d11      1%          6
z - Orb of Destruction    Conj           55%        9d14      1%          7
X - Blink                 Tloc           84%        N/A       1%          2

Your spell library contained the following spells:

 Spells                   Type           Power      Damage    Failure   Level
 Freeze                   Ice            100%       1d10      0%          1
 Magic Dart               Conj           100%       1d8       0%          1
 Sandblast                Erth           100%       2d20      0%          1
 Sting                    Conj/Alch      100%       1d9       0%          1
 Searing Ray              Conj           100%       2d8       0%          2
 Frozen Ramparts          Ice            100%       1d16      0%          3
 Hailstorm                Conj/Ice       100%       3d16      0%          3
 Ozocubu's Armour         Ice            100%       N/A       0%          3
 Passwall                 Erth           100%       N/A       0%          3
 Stone Arrow              Conj/Erth      100%       3d13      0%          3
 Slow                     Hex            100%       N/A       1%          1
 Call Imp                 Summ           100%       N/A       1%          2
 Cigotuvi's Dreadful Rot  Necr/Alch/Air  100%       N/A       1%          2
 Lesser Beckoning         Tloc           84%        N/A       1%          2
 Mercury Vapours          Alch/Air       100%       N/A       1%          2
 Momentum Strike          Conj/Tloc      100%       3d10      1%          2
 Scorch                   Fire           100%       2d9       1%          2
 Sublimation of Blood     Necr           42%        N/A       1%          2
 Mephitic Cloud           Conj/Alch/Air  100%       N/A       1%          3
 Summon Ice Beast         Ice/Summ       100%       N/A       1%          3
 Confusing Touch          Hex            42%        N/A       3%          3
 Fugue of the Fallen      Necr           42%        N/A       3%          3
 Gell's Gravitas          Tloc           42%        N/A       3%          3
 Inner Flame              Hex/Fire       58%        N/A       3%          3
 Teleport Other           Tloc           42%        N/A       3%          3
 Tukima's Dance           Hex            42%        N/A       3%          3
 Vampiric Draining        Necr           42%        2d9       3%          3
 Volatile Blastmotes      Fire/Tloc      100%       2d18      3%          3
 Animate Armour           Summ/Erth      100%       N/A       1%          4
 Brom's Barrelling Bould  Conj/Erth      100%       2d11      1%          4
 Flame Wave               Conj/Fire      100%       2d21      1%          4
 Fulminant Prism          Conj/Alch      52%        3d23      1%          4
 Ignite Poison            Fire/Alch      95%        N/A       1%          4
 Iskenderun's Mystic Bla  Conj/Tloc      85%        2d17      1%          4
 Leda's Liquefaction      Alch/Erth      64%        N/A       1%          4
 Martyr's Knell           Necr/Summ      69%        N/A       1%          4
 Olgreb's Toxic Radiance  Alch           97%        N/A       1%          4
 Petrify                  Alch/Erth      100%       N/A       1%          4
 Summon Blazeheart Golem  Fire/Summ      88%        N/A       1%          4
 Arcjolt                  Conj/Air       60%        1d70      1%          5
 Fireball                 Conj/Fire      53%        3d21      1%          5
 Iskenderun's Battlesphe  Conj           100%       2d15      1%          5
 Conjure Ball Lightning   Conj/Air       60%        3x3d22    1%          6
 Sculpt Simulacrum        Ice/Alch       64%        N/A       1%          6
 Vhi's Electric Charge    Tloc/Air       100%       N/A       2%          4
 Summon Forest            Summ/Tloc      34%        N/A       5%          5
 Summon Cactus Giant      Summ           43%        N/A       5%          6
 Silence                  Hex/Air        41%        N/A       8%          5
 Spellforged Servitor     Conj/Summ      50%        N/A       8%          7
 Anguish                  Hex/Necr       21%        N/A       10%         4
 Cause Fear               Hex            21%        N/A       10%         4
 Dispel Undead            Necr           42%        3d17      10%         4
 Manifold Assault         Tloc           42%        N/A       10%         4
 Passage of Golubria      Tloc           42%        N/A       10%         4
 Lehudib's Crystal Spear  Conj/Erth      67%        10d15     14%         8
 Plasma Beam              Fire/Air       51%        2x1d66    41%         6
 Dispersal                Tloc           21%        N/A       83%         6
 Haunt                    Necr/Summ      34%        N/A       85%         7
 Borgnjor's Revivificati  Necr           21%        N/A       100%        8
 Discord                  Hex            21%        N/A       100%        8
 Disjunction              Tloc           21%        N/A       100%        8
 Ignition                 Fire           29%        3d9       100%        8
 Death's Door             Necr           21%        N/A       100%        9
 Dragon's Call            Summ           43%        N/A       100%        9


Dungeon Overview and Level Annotations

Branches:
Dungeon (15/15)            Temple (0/1) D:6            Lair (5/5) D:10
 Shoals (4/4) Lair:2       Spider (4/4) Lair:2        Slime (5/5) Lair:4
    Orc (2/2) D:10            Elf (3/3) Orc:2        Vaults (4/5) D:13
  Crypt (0/3) Vaults:2     Depths (4/4) D:15            Zot (5/5) Depths:4
Ossuary (visited)           IceCv (visited)         Volcano (visited)

Shops:
D:2 !   D:7 !*=[   D:8 (   Orc:1 (   Orc:2 (=((*?   Elf:2 ?   Elf:3 *
Vaults:3 (   Depths:3 (([   Depths:4 ::=

Portals:
Hell: Depths:1 Depths:2 Depths:3 Depths:4
Abyss: Depths:1 Depths:3 Depths:4
Pandemonium: Orc:2 Depths:2
Ziggurat: Depths:1

Annotations:
D:3 3 runed translucent doors, exclusions: 3 doors and downstairs, UristMcRaven's ghost, amateur DECj
D:5 2 runed translucent doors, exclusion: 2 doors, YordlordTheGreat's ghost, novice HuCA


Innate Abilities, Weirdness & Mutations

You have an increased reservoir of magic. (+10% MP)
You shall have no god before yourself.
Your divine heritage dramatically boosts your attributes as you level up.
You have sharp fingernails.
Your body sometimes deteriorates upon taking damage.
You occasionally shout uncontrollably at your foes.


Message History

Magic restored.
There is a stone staircase leading up, spattered with blood here.
You see here 2 scrolls of noise.
You climb upwards.
Level annotation: 3 runed translucent doors, exclusions: 3 doors and downstairs, UristMcRaven's ghost, amateur DECj
There is a stone staircase leading down here.
You see here a +0 whip.
There is a stone staircase leading up here.
You climb upwards.
There is a stone staircase leading down here.
A tormentor comes into view.
Casting: Bombard (mildly dangerous; 1% risk of failure)
Confirm with . or Enter, or press ? or * to list all spells.
Casting: Permafrost Eruption (mildly dangerous; 1% risk of failure)
Press: ? - help, Dir - look around, f - activate You feel a strong surge of power!
Bitter cold erupts, blasting rock from the ceiling!
The mass of rock hits the tormentor!!
The tormentor is almost dead.
Piercing cold boils outward!
The piercing cold hits the tormentor!!!
You kill the tormentor!
(D) Dungeon (T) Temple (L) Lair (A) Shoals (N) Spider Nest (M) Slime Pits (O) Orcish Mines (E) Elven Halls (V) Vaults (C) Crypt (U) Depths (H) Hell (Z) Zot
Where to? (Tab/Enter - D:1 @ (x,y), ? - help)
A ynoxinul comes into view.
The ynoxinul gestures.
There is a stone staircase leading up here.
You climb upwards.
There is a stone staircase leading down here.
(D) Dungeon (T) Temple (L) Lair (A) Shoals (N) Spider Nest (M) Slime Pits (O) Orcish Mines (E) Elven Halls (V) Vaults (C) Crypt (U) Depths (H) Hell (Z) Zot
Where to? (Tab/Enter - D:1 @ (x,y), ? - help) Magic restored.
You see here a +0 whip.
There is a staircase leading out of the dungeon here.
You have escaped!

####.....#...#...#.....#
##..#...#..#..#...#..##
#....#..#..#..#..#....#####
#####.....#..#.#.#..#.........#
#......#...#.#.#.#.#...#...##.#
#.###...##..#.#.#.#..##...###.#
#.# #.....##.#...#.##.....# #.#
#.# #.......#.....#.......# #.#
#.# #.######...@...######.###.#
#.# #.......#.....#........##.#
##.#
#.....##.#...#.##.........#
.#.#
#...##..#.#.#.#..##....####
.#.###..#...#.#.#.#.#...#..##
.#.........#..#.#.#).#.....#
.#.###....#..#..#..#..#....#
.#.# #...#...#..#..#...#...#
.#.###......#...#...#......#


There were no monsters in sight!

Vanquished Creatures
  the Royal Jelly (Slime:5)
  Tiamat (Depths:4)
  8 dread liches
  5 ancient liches (Zot:5)
  9 orbs of fire
  The ghost of IndexError the Wrestler, a veteran TrGl of Okawaru (Zot:2)
  2 juggernauts (Depths:3)
  Josephina (Zot:3)
  Bai Suzhen (Spider:4)
  4 Killer Klowns
  Boris (Depths:1)
  A caustic shrike (Depths:2)
  Saint Roka (Vaults:3)
  Nikola (Depths:1)
  8 golden dragons
  Arachne (Spider:2)
  2 iron giants
  A Tzitzimitl (Depths:1)
  2 bone dragons
  5 electric golems
  2 walking earthen tomes (Depths:3)
  A lich (Depths:1)
  2 walking crystal tomes
  3 deep elf blademasters
  Asterion (Depths:1)
  26 Orb Guardians
  2 titans
  18 tentacled monstrosities
  21 acid blobs
  2 quicksilver dragons
  Polyphemus (Shoals:2)
  A deep elf master archer (Elf:3)
  5 sphinxes
  17 death cobs
  5 shadow dragons
  An ancient champion (Depths:1)
  12 storm dragons
  11 rockslimes
  2 tengu reavers
  3 fire giants
  Donald (Spider:1)
  11 draconian monks
  8 frost giants
  5 draconian knights
  2 protean progenitors
  5 deep elf sorcerers (Elf:3)
  8 azure jellies (Slime:5)
  10 draconian shifters
  Louise (Spider:3)
  3 emperor scorpions (Spider:4)
  11 deep elf elementalists
  16 vault wardens
  6 draconian scorchers
  6 ghost moths
  9 ironbound preservers
  5 draconian annihilators
  4 draconian stormcallers
  8 quicksilver oozes
  A balrug (Depths:1)
  15 very ugly things
  An orc warlord (Vaults:1)
  7 ironbound thunderhulks
  7 stone giants
  A vampire knight (Depths:2)
  5 broodmothers
  3 formless jellyfish (Slime:5)
  Nessos (Lair:3)
  6 deep elf demonologists (Elf:3)
  14 green draconians
  5 deep elf death magi (Elf:3)
  11 black draconians
  Azrael (Orc:2)
  15 dire elephants
  13 deep elf annihilators
  8 white draconians
  A lorocyproca (D:15)
  A war gargoyle (Vaults:3)
  19 red draconians
  13 yellow draconians
  10 spark wasps
  13 purple draconians
  3 merfolk javelineers
  7 ettins
  10 merfolk impalers
  2 jiangshi
  5 entropy weavers
  6 fire dragons
  4 deep elf high priests (Elf:3)
  The ghost of tish the Fighter, a journeyman DECj of Gozag (Lair:3)
  A crystal guardian (Vaults:3)
  A rakshasa (Depths:2)
  2 hell beasts
  14 vault guards
  15 great orbs of eyes
  A peacekeeper (Vaults:3)
  2 caustic shrike simulacra (IceCv)
  5 yaktaur captains
  3 hydras
  3 radroaches
  5 centaur warriors
  An alligator snapping turtle (Shoals:2)
  14 ice dragons
  2 jorogumos
  8 merfolk aquamancers
  8 boulder beetles
  2 merfolk avatars (Shoals:2)
  2 satyrs
  24 dancing weapons
  2 demonspawn (Orc:2)
  3 two-headed ogres
  A catoblepas (Shoals:2)
  9 ironbound frosthearts
  4 spriggan air magi
  A death yak (Shoals:2)
  5 deep troll shamans
  7 tengu warriors
  2 deep troll earth magi (Depths:2)
  A death scarab (Spider:4)
  10 demonic crawlers
  An occultist (Depths:3)
  3 spriggan berserkers
  5 hell knights (Depths:2)
  4 vampire magi
  12 deep elf knights
  5 orc high priests (Orc:2)
  A soul eater (Orc:2)
  A skyshark (shapeshifter) (Vaults:3)
  A sixfirhy (Depths:1)
  7 pharaoh ants
  5 iron trolls
  2 quicksilver dragon simulacra
  A goliath frog (Lair:5)
  5 skysharks
  10 orb spiders
  6 sea snakes
  8 deep elf archers
  A shadow dragon zombie (Depths:2)
  An orb spider (shapeshifter) (Depths:2)
  9 arcanists
  An obsidian statue (Zot:4)
  A glowing orange brain (Depths:3)
  18 deep elf zephyrmancers
  23 deep trolls
  9 lindwurms
  22 ironbound convokers
  26 harpies
  5 orc knights
  A thermic dynamo (Elf:3)
  28 deep elf pyromancers
  2 orange crystal statues
  8 steelbarb worms
  3 necromancers
  A frost giant zombie (Depths:2)
  2 shining eyes
  8 orc sorcerers
  20 wolf spiders
  21 fauns
  6 cyclopes
  10 manticores
  34 moths of wrath
  25 ugly things
  5 elephants
  11 merfolk sirens
  A fire giant zombie (Depths:2)
  20 vault sentinels
  3 naga magi (Depths:1)
  4 black mambas
  3 kobold blastminers
  9 water nymphs
  2 eyes of devastation
  9 meliai
  7 torpor snails
  A storm dragon simulacrum (Zot:3)
  A black mamba (shapeshifter) (D:13)
  14 cane toads
  3 large abominations (Depths:3)
  2 gargoyles
  6 unseen horrors
  A rime drake (Lair:4)
  A hellion (D:11)
  2 tormentors
  28 yaktaurs
  Psyche (D:11)
  A yaktaur zombie (Vaults:3)
  2 efreet
  3 freezing wraiths (Elf:3)
  A yaktaur skeleton (Vaults:3)
  4 tengu conjurers
  7 komodo dragons
  A red devil (Orc:2)
  2 polar bears
  9 trolls
  21 merfolk
  24 tarantellas
  6 wind drakes
  2 glass eyes
  An alligator simulacrum (IceCv)
  7 blink frogs
  2 dream sheep (Shoals:1)
  6 snapping turtles
  102 slime creatures
  7 air elementals
  17 culicivoras
  8 small abominations (Depths:3)
  A wraith (D:13)
  4 dire elephant simulacra (IceCv)
  27 water elementals
  A shadow (D:12)
  22 jumping spiders
  A vampire (D:13)
  A wyvern (Lair:5)
  4 basilisks
  6 humans
  13 yaks
  A hog (D:11)
  4 golden eyes (Slime:5)
  2 fire elementals
  6 vampire mosquitoes
  36 redbacks
  2 chaos spawn (Depths:3)
  A red draconian simulacrum (Zot:3)
  A harpy simulacrum (IceCv)
  7 water moccasins
  3 acid dragons
  A hell hound (Orc:2)
  20 orc warriors
  A moth of wrath simulacrum (Zot:3)
  An ogre skeleton (Vaults:3)
  A black bear (shapeshifter) (D:13)
  6 wolves
  5 centaurs
  A wolf (shapeshifter) (Elf:2)
  A phantom (D:3)
  9 bullfrogs
  3 earth elementals
  3 electric eels
  A centaur zombie (Ossuary)
  A jelly (Lair:4)
  12 orc priests
  3 orc wizards (Orc:2)
  6 hell rats (Lair:4)
  2 gnolls (D:11)
  3 adders
  A white imp (Vaults:4)
  4 ufetubi
  24 orcs
  2 giant cockroaches
  A goblin (D:3)
  2 hobgoblins
  A jackal (D:2)
  3 training dummies (Orc:1)
  A bat (D:2)
  4 kobolds
  A rat (D:2)
1674 creatures vanquished.

Vanquished Creatures (collateral kills)
  4 emperor scorpions
  A broodmother (Spider:4)
  A red draconian (Volcano)
  Snorg (D:10)
  A vault guard (D:13)
  2 hydras
  2 radroaches (Spider:1)
  A catoblepas (D:11)
  3 two-headed ogres (D:11)
  2 boulder beetles
  A death yak (Shoals:2)
  A satyr (Shoals:2)
  2 demonic crawlers
  Nergalle (D:11)
  Amaemon (D:10)
  A goliath frog (Lair:5)
  A skyshark (Lair:5)
  Pikel (D:8)
  4 harpies (Shoals:1)
  4 lindwurms (Lair:3)
  A deep elf pyromancer (Volcano)
  7 cyclopes
  3 fauns
  An ugly thing (D:10)
  A wolf spider (Spider:4)
  A salamander (Volcano)
  3 manticores
  A meliai (shapeshifter) (D:11)
  13 elephants
  2 water nymphs
  3 black mambas
  2 molten gargoyles (Volcano)
  An orange demon (D:10)
  8 cane toads
  Jeremiah (D:6)
  An unseen horror (D:10)
  3 komodo dragons (Lair:4)
  A merfolk (Shoals:1)
  3 trolls
  A hornet (D:9)
  Grinder (D:6)
  2 tarantellas
  A polar bear (Lair:2)
  15 dream sheep
  9 blink frogs
  A snapping turtle (Shoals:1)
  A shadow (D:9)
  Sigmund (D:2)
  2 culicivoras
  A jumping spider (Spider:1)
  3 water elementals (Shoals:1)
  36 yaks
  A fire elemental (Orc:2)
  A wraith (D:11)
  Eustachio (D:4)
  2 wyverns (D:10)
  A hog (D:11)
  8 vampire mosquitoes
  A redback (Spider:4)
  6 basilisks
  2 steam dragons (D:8)
  Menkaure (D:4)
  An acid dragon (D:11)
  2 hell hounds (Orc:1)
  9 water moccasins
  Edmund (D:4)
  A sky beast (D:8)
  Duvessa (D:7)
  An ice beast (D:6)
  8 orc warriors
  A black bear (D:6)
  2 ogres
  3 centaurs
  4 wolves (Lair:3)
  A phantom (D:5)
  A weeping skull (Ossuary)
  4 kobold brigands
  Blork the orc (D:4)
  10 bullfrogs
  2 gnoll sergeants
  A scorpion (D:6)
  8 wights
  2 burial acolytes (Ossuary)
  Dowan (D:7)
  4 killer bees (D:9)
  3 howler monkeys
  2 electric eels (Lair:4)
  4 bombardier beetles
  2 human zombies (Ossuary)
  A centaur zombie (Ossuary)
  4 jellies
  10 orc priests
  4 gnoll boudas
  5 hounds
  Crazy Yiuf (D:2)
  A sleepcap (D:7)
  Jessica (D:2)
  2 iguanas
  14 orc wizards
  5 hell rats
  2 hound zombies (Ossuary)
  2 mummies (Ossuary)
  27 gnolls
  7 adders
  2 shadow imps
  A nameless horror (Ossuary)
  4 ufetubi
  5 dart slugs
  2 ribbon worms
  44 orcs
  5 ball pythons
  4 endoplasms
  4 giant cockroaches (D:1)
  3 gnoll zombies (Ossuary)
  4 goblins
  2 hobgoblins (D:1)
  A jackal (shapeshifter) (D:11)
  3 jackals (D:2)
  3 bats
  4 frilled lizards
  21 kobolds
  3 orc zombies (Ossuary)
  4 rats
474 creatures vanquished.

Vanquished Creatures (others)
  A frost giant (Depths:2)
  A spark wasp (Spider:1)
  A vault guard (D:13)
  A deep elf knight (Elf:2)
  A yak (D:11)
  An orc (Orc:1)
6 creatures vanquished.

Grand Total: 2154 creatures vanquished

Notes
Turn   | Place    | Note
-------+----------+-------------------------------------------
     0 | D:1      | NormalPerson7 the Demigod Summoner began the quest for the
                  | Orb.
     0 | D:1      | Reached XP level 1. HP: 14/14 MP: 5/5
   459 | D:1      | Reached XP level 2. HP: 20/20 MP: 5/7
   497 | D:1      | Learned a level 2 spell: Call Imp
  1384 | D:2      | Found a runed translucent door.
  1871 | D:2      | Reached XP level 3. HP: 26/26 MP: 4/8
  1944 | D:2      | Learned a level 3 spell: Call Canine Familiar
  2137 | D:2      | Noticed Jessica
  2166 | D:2      | Killed Jessica
  2244 | D:2      | Noticed Sigmund
  2348 | D:3      | Reached skill level 5 in Summonings
  2355 | D:3      | Reached XP level 4. HP: 33/33 MP: 4/9
  3419 | D:3      | Found a runed translucent gate.
  3420 | D:3      | Found a runed translucent gate.
  3420 | D:3      | Found a runed translucent gate.
  3420 | D:3      | Noticed UristMcRaven's ghost (amateur DECj)
  3483 | D:3      | Reached XP level 5. HP: 38/38 MP: 5/10
  3646 | D:2      | Found Radaawk's Distillery.
  3666 | D:2      | Bought a potion of curing for 33 gold pieces
  3666 | D:2      | Bought a potion of curing for 33 gold pieces
  3841 | D:2      | Killed Sigmund
  3842 | D:2      | Reached XP level 6. HP: 45/45 MP: 6/11
  4179 | D:2      | Noticed Crazy Yiuf
  4194 | D:2      | Killed Crazy Yiuf
  4343 | D:4      | Noticed Edmund
  4623 | D:4      | Noticed Blork the orc
  4866 | D:4      | Noticed Eustachio
  4954 | D:4      | Reached skill level 5 in Air Magic
  5112 | D:4      | Reached XP level 7. HP: 50/50 MP: 5/13
  5239 | D:4      | Killed Eustachio
  5280 | D:4      | Learned a level 4 spell: Summon Lightning Spire
  5476 | D:4      | Killed Blork the orc
  5607 | D:4      | Killed Edmund
  5691 | D:4      | Noticed Menkaure
  5816 | D:4      | Killed Menkaure
  6037 | D:5      | Entered Level 5 of the Dungeon
  6253 | D:5      | Noticed YordlordTheGreat's ghost (novice HuCA)
  6254 | D:5      | Found a large runed translucent door.
  6254 | D:5      | Found a large runed translucent door.
  6413 | D:5      | Reached XP level 8. HP: 57/57 MP: 10/15
  6453 | D:5      | Learned a level 3 spell: Summon Ice Beast
  6670 | D:2      | Bought a potion of haste for 110 gold pieces
  6820 | D:5      | Reached skill level 1 in Ice Magic
  8244 | D:6      | Identified the +3 trident of the Goat {venom, Dex+3}
  8311 | D:6      | Found a staircase to the Ecumenical Temple.
  8355 | D:6      | Reached skill level 1 in Fighting
  8383 | D:6      | Noticed Grinder
  8478 | D:6      | Killed Grinder
  8663 | D:6      | Reached XP level 9. HP: 64/69 MP: 12/18
  9160 | D:6      | Noticed Jeremiah
  9178 | D:6      | Killed Jeremiah
  9346 | D:7      | Noticed Duvessa
  9346 | D:7      | Noticed Dowan
  9379 | D:7      | Found a sand-covered staircase.
  9380 | D:7      | Found Ceopp's Antique Armour Shop.
  9395 | Ossuary  | Entered an ossuary
 10360 | D:7      | Bought a helmet for 99 gold pieces
 10372 | D:7      | Killed Duvessa
 10373 | D:7      | Reached skill level 1 in Earth Magic
 10373 | D:7      | Killed Dowan
 10611 | D:7      | Found Geschow's General Store.
 10629 | D:7      | Bought a scroll of blinking for 105 gold pieces
 10678 | D:7      | Found Nischuti's Jewellery Shop.
 11047 | D:7      | Found Tuatiky's Distillery.
 11323 | D:8      | Found Goicaif's Weapon Shoppe.
 11340 | D:8      | Noticed Pikel
 11354 | D:8      | Killed Pikel
 11361 | D:8      | Reached skill level 5 in Earth Magic
 11567 | D:8      | Reached XP level 10. HP: 78/78 MP: 10/19
 12394 | D:9      | Learned a level 5 spell: Lee's Rapid Deconstruction
 13073 | D:10     | Entered Level 10 of the Dungeon
 13512 | D:10     | Noticed Snorg
 13602 | D:10     | Killed Snorg
 13916 | D:7      | Bought a shiny buckler for 165 gold pieces
 14002 | D:10     | Found a staircase to the Orcish Mines.
 14002 | D:10     | Noticed a cyan ugly thing
 14016 | D:10     | Killed a cyan ugly thing
 14017 | D:10     | Reached skill level 1 in Shields
 14183 | D:10     | Noticed Amaemon
 14274 | D:10     | Killed Amaemon
 14656 | D:10     | Reached XP level 11. HP: 73/84 MP: 5/21
 14819 | D:10     | Reached skill level 5 in Evocations
 15042 | D:10     | Found a staircase to the Lair.
 15446 | D:11     | Noticed Nergalle
 15647 | D:11     | Killed Nergalle
 15666 | D:11     | Noticed Psyche
 15809 | D:11     | Noticed a two-headed ogre
 15823 | D:11     | Killed a two-headed ogre
 15824 | D:11     | Reached skill level 10 in Earth Magic
 15977 | D:11     | Noticed a two-headed ogre
 15988 | D:10     | Reached skill level 5 in Fighting
 16397 | D:11     | Noticed a two-headed ogre
 16401 | D:11     | Killed a two-headed ogre
 16402 | D:11     | Reached skill level 5 in Spellcasting
 16461 | D:11     | Noticed a catoblepas
 16482 | D:11     | Killed a catoblepas
 16604 | D:11     | Noticed a two-headed ogre
 16872 | D:11     | Killed Psyche
 16873 | D:11     | Reached skill level 5 in Dodging
 17197 | D:11     | Noticed a boulder beetle
 17313 | D:11     | Killed a boulder beetle
 17415 | D:11     | Killed a two-headed ogre
 17416 | D:11     | Reached XP level 12. HP: 96/96 MP: 7/23
 17611 | D:11     | Identified the staff of the Volcano {^Contam rPois rN+
                  | Str+4 Dex+7 Alchemy}
 17614 | D:11     | Identified the +4 long sword of Conversion {pain, rElec rF+
                  | Dex+3}
 18916 | Lair:1   | Entered Level 1 of the Lair of Beasts
 18989 | Lair:1   | Found a dark tunnel.
 19004 | Volcano  | Entered a volcano
 19088 | Volcano  | Reached skill level 5 in Ice Magic
 19365 | Volcano  | Noticed a red draconian
 19376 | Volcano  | Killed a red draconian
 19913 | Volcano  | Noticed an orb of fire
 19987 | Volcano  | Noticed an orb of fire
 19999 | Volcano  | Identified the +0 helmet of Pubymoc {rCorr Str+2}
 20955 | Lair:1   | Noticed a boulder beetle
 21196 | Lair:1   | Killed a boulder beetle
 22314 | Lair:2   | Reached XP level 13. HP: 107/107 MP: 13/24
 22962 | Lair:2   | Found a hole to the Spider Nest.
 23448 | Lair:2   | Found a staircase to the Shoals.
 23979 | Lair:3   | Reached skill level 10 in Ice Magic
 24038 | Lair:3   | Found a transporter.
 24387 | Lair:3   | Found a transporter.
 24387 | Lair:3   | Noticed tish's ghost (journeyman DECj)
 24420 | Lair:3   | Noticed Nessos
 24425 | Lair:3   | Killed Nessos
 24829 | Lair:3   | Got the Handbook of Glowing Distance
 26968 | Lair:4   | Found a staircase to the Slime Pits.
 27459 | Lair:4   | Learned a level 6 spell: Permafrost Eruption
 28129 | Lair:5   | Entered Level 5 of the Lair of Beasts
 28371 | Lair:5   | Reached XP level 14. HP: 115/115 MP: 16/27
 29931 | Lair:5   | Identified the +10 war axe of Yjenoret {freeze, rN++ Dex-4}
 31132 | D:12     | Reached skill level 10 in Fighting
 31426 | D:12     | Reached skill level 1 in Armour
 33321 | D:13     | Found a gate to the Vaults.
 35382 | D:15     | Entered Level 15 of the Dungeon
 35389 | D:15     | Reached skill level 5 in Shields
 35737 | D:15     | Reached XP level 15. HP: 101/126 MP: 23/30
 36877 | D:15     | Found a staircase to the Depths.
 37386 | Orc:1    | Entered Level 1 of the Orcish Mines
 37817 | Orc:1    | Found Wihed's Firing Range.
 37968 | Orc:2    | Entered Level 2 of the Orcish Mines
 38195 | Orc:2    | Noticed Azrael
 38197 | Orc:2    | Killed Azrael
 38294 | Orc:2    | Found Fius's Antique Weapon Shoppe.
 39023 | Orc:2    | Found a staircase to the Elven Halls.
 39036 | Orc:2    | Found Ocupre's Weapon Shoppe.
 39397 | Orc:2    | Found Fecarukya's Magic Scroll Shoppe.
 39400 | Orc:2    | Found Jakkocee's General Store.
 40860 | Orc:2    | Found Pyotel's Antique Weapon Shop.
 40860 | Orc:2    | Found Hyhuil's Jewellery Boutique.
 40863 | Orc:2    | Found a one-way gate leading to the halls of Pandemonium.
 41073 | Orc:2    | Bought a scroll of teleportation for 42 gold pieces
 41073 | Orc:2    | Bought a scroll of fog for 56 gold pieces
 41073 | Orc:2    | Bought a scroll of blinking for 105 gold pieces
 41185 | D:7      | Bought a glowing ring mail for 154 gold pieces
 41300 | Orc:2    | Bought the +1 buckler of Awe {rPois rC+ rN+ Stlth+} for 520
                  | gold pieces
 41461 | Lair:3   | Identified the +9 halberd "Feawakeq" {freeze, Will+ Str+3}
 41470 | Lair:3   | Identified the staff "Kiel" {rElec rF- Str+2 Int+2 Stlth+
                  | Air}
 41538 | Lair:3   | Killed tish's ghost
 41665 | Lair:3   | Reached XP level 16. HP: 135/135 MP: 33/33
 41671 | Lair:3   | Learned a level 4 spell: Olgreb's Toxic Radiance
 41734 | Spider:1 | Entered Level 1 of the Spider Nest
 41878 | Spider:1 | Reached skill level 5 in Alchemy
 42875 | Spider:1 | Noticed Donald
 42985 | Spider:1 | Killed Donald
 45813 | Spider:2 | Noticed Arachne
 45817 | Spider:2 | Killed Arachne
 45818 | Spider:2 | Reached XP level 17. HP: 146/146 MP: 10/35
 48210 | Spider:3 | Reached skill level 10 in Dodging
 48824 | Spider:3 | Noticed Louise
 48979 | Spider:3 | Killed Louise
 49274 | Spider:4 | Entered Level 4 of the Spider Nest
 49275 | Spider:4 | Upgraded the game from 0.32-a0-702-gc29ba85809 to
                  | 0.32-a0-711-g016ad743e0
 51134 | Spider:4 | Noticed Bai Suzhen
 52983 | Spider:4 | Killed Bai Suzhen
 53911 | Spider:4 | Learned a level 6 spell: Sculpt Simulacrum
 54096 | Spider:4 | Reached skill level 10 in Alchemy
 54733 | Spider:4 | Got a gossamer rune of Zot
 54937 | Shoals:1 | Entered Level 1 of the Shoals
 55591 | Shoals:1 | Reached XP level 18. HP: 158/158 MP: 27/36
 57079 | Shoals:2 | Noticed Polyphemus
 58744 | Shoals:2 | Reached skill level 10 in Spellcasting
 58916 | Shoals:2 | Killed Polyphemus
 60002 | Shoals:4 | Entered Level 4 of the Shoals
 61576 | Shoals:4 | Identified the +6 battleaxe "Eguxt" {freeze, rN+ SInv}
 61576 | Shoals:4 | Identified the amulet "Yschum" {Acrobat rElec rF++ Int+3
                  | Stlth-}
 62178 | Shoals:4 | Got a barnacled rune of Zot
 63014 | Elf:1    | Entered Level 1 of the Elven Halls
 63278 | Elf:1    | Reached XP level 19. HP: 153/167 MP: 9/39
 63579 | Elf:1    | You fall into a shaft and drop 1 floor!
 63585 | Elf:2    | Found a runed translucent gate.
 63585 | Elf:2    | Found a runed translucent gate.
 63585 | Elf:2    | Found a runed translucent gate.
 63898 | Elf:2    | Found Riphizic's Magic Scroll Boutique.
 64055 | Elf:2    | Bought a scroll of teleportation for 54 gold pieces
 64055 | Elf:2    | Bought a scroll of teleportation for 54 gold pieces
 64055 | Elf:2    | Bought a scroll of teleportation for 54 gold pieces
 66090 | Elf:3    | Entered Level 3 of the Elven Halls
 66090 | Elf:3    | Found Huvvosor's General Store.
 66192 | Elf:3    | Found a glacial archway.
 66280 | IceCv    | Entered an ice cave
 66514 | IceCv    | Found a transporter.
 66521 | IceCv    | Found a transporter.
 66969 | Elf:3    | Reached skill level 5 in Armour
 68035 | Elf:3    | Identified the +1 war axe of Qoetrum {protect, *Slow rC+
                  | Int+2}
 68037 | Elf:3    | Identified the +6 morningstar "Muhour" {flame, rN+++ Will-
                  | Str-2 Stlth+}
 68037 | Elf:3    | Identified the +2 robe "Raydoiwo" {rC++}
 68255 | Elf:3    | Identified the +2 ring mail of Time Monsters {rPois rF-
                  | rN+++ MP-9}
 69413 | Elf:3    | Got Ykicvyt's Information on Esoterica and Stolen Souls
 69452 | Elf:3    | Identified the +4 crystal plate armour of Instinct {rF+
                  | rC+}
 69453 | Elf:3    | Identified the staff "Abliut" {rPois rN+ Str+3 Alchemy}
 69476 | Elf:3    | Identified the death talisman of Orghimugg {Fly rC+ Int+2}
 69566 | Elf:3    | Got the Encyclopedia of Lifeless Support
 69573 | Elf:3    | Learned a level 5 spell: Irradiate
 70062 | Vaults:1 | Entered Level 1 of the Vaults
 70105 | Vaults:1 | Reached skill level 1 in Conjurations
 70465 | Vaults:1 | Reached XP level 20. HP: 170/174 MP: 12/42
 71138 | Vaults:1 | Learned a level 5 spell: Freezing Cloud
 71381 | Vaults:1 | Reached skill level 5 in Conjurations
 74123 | Vaults:2 | Found a staircase to the Crypt.
 74837 | Vaults:1 | Learned a level 6 spell: Bombard
 74965 | Vaults:2 | Reached skill level 10 in Conjurations
 76334 | Vaults:3 | You fall into a shaft and drop 1 floor!
 77684 | Vaults:3 | Noticed Saint Roka
 77689 | Vaults:3 | Killed Saint Roka
 78109 | Vaults:3 | Found Leutzor's Weapon Boutique.
 78484 | Vaults:3 | Reached XP level 21. HP: 169/181 MP: 1/44
 80082 | Vaults:4 | Reached skill level 15 in Dodging
 80849 | Vaults:4 | Identified a scroll of acquirement
 80862 | Vaults:4 | Acquired a manual of Spellcasting
 81567 | D:14     | Learned a level 5 spell: Yara's Violent Unravelling
 81652 | Depths:1 | Entered Level 1 of the Depths
 81896 | Depths:1 | Identified the +0 hat "Elaloqukka" {*Slow rPois Int-5
                  | Dex+7}
 82689 | Depths:1 | Found a one-way gateway to a ziggurat.
 82833 | Depths:1 | Found a one-way gate to the infinite horrors of the Abyss.
 82837 | Depths:1 | Identified the +3 robe "Ulluoqos" {Rampage rC- rN+++ Dex-3}
 82837 | Depths:1 | Noticed Boris
 82848 | Depths:1 | Killed Boris
 83216 | Depths:1 | Noticed Nikola
 83335 | Depths:1 | Found a gateway to Hell.
 83386 | Depths:1 | Killed Nikola
 83731 | Depths:1 | Noticed Asterion
 83736 | Depths:1 | Killed Asterion
 84674 | Depths:2 | Found a flickering gateway to a bazaar.
 84680 | Bazaar   | Entered a bazaar
 84680 | Bazaar   | Found Icotruwk's Antique Weapon Emporium.
 84680 | Bazaar   | Found Patuashu's Weapon Shoppe.
 84680 | Bazaar   | Found Waleed's Antique Armour Emporium.
 84680 | Bazaar   | Found Bifa's Antique Weapon Emporium.
 84680 | Bazaar   | Found Loir's Magic Scroll Shoppe.
 84873 | Bazaar   | Bought 3 scrolls of blinking for 382 gold pieces
 84873 | Bazaar   | Bought a scroll of teleportation for 51 gold pieces
 84873 | Bazaar   | Bought a scroll of teleportation for 51 gold pieces
 84901 | Bazaar   | Bought a scroll of enchant armour for 127 gold pieces
 84909 | Bazaar   | Bought the +3 pair of seven-league boots {Rampage+∞} for
                  | 720 gold pieces
 84909 | Bazaar   | Found the +3 pair of seven-league boots {Rampage+∞}
 85094 | Depths:2 | Found a transporter.
 85095 | Depths:2 | Found a transporter.
 85122 | Depths:2 | Noticed a caustic shrike
 85158 | Depths:2 | Reached skill level 15 in Spellcasting
 87040 | Depths:3 | Found Jilamp's Antique Weapon Emporium.
 87102 | Depths:3 | Noticed a juggernaut
 87119 | Depths:3 | Killed a juggernaut
 87180 | Depths:3 | Found Ykhlixtal's Antique Weapon Shoppe.
 87182 | Depths:3 | Found Hicat's Armour Emporium.
 87589 | Depths:3 | Noticed a juggernaut
 87595 | Depths:3 | Killed a juggernaut
 88022 | Depths:3 | Reached XP level 22. HP: 189/189 MP: 36/49
 88088 | Depths:3 | Found the +10 dark maul {heavy}
 88733 | Depths:4 | Entered Level 4 of the Depths
 88977 | Depths:4 | Reached skill level 10 in Evocations
 89435 | Depths:4 | Found Vyuny's Book Shop.
 89506 | Depths:4 | Found Purchohu's Jewellery Emporium.
 89507 | Depths:4 | Found Digrir's Book Shop.
 89537 | Depths:4 | Bought a book of Spatial Translocations for 270 gold pieces
 89537 | Depths:4 | Bought the Unrestrained Analects for 660 gold pieces
 89545 | Depths:4 | Learned a level 7 spell: Ozocubu's Refrigeration
 89601 | Depths:4 | Learned a level 2 spell: Blink
 89665 | Depths:4 | Identified the +4 morningstar "Etoadoxu" {protect, rC+}
 90123 | Depths:4 | Found a gate to the Realm of Zot.
 90676 | Depths:2 | Killed a caustic shrike
 91124 | Depths:2 | Identified the +2 hat of the Dancing Gods {rElec rN+ Int-3
                  | SInv}
 91128 | Depths:2 | Identified the ring "Taqargh" {rPois rC- AC+4 Int+4 Slay+3}
 91442 | Slime:1  | Entered Level 1 of the Pits of Slime
 91915 | Slime:2  | Reached skill level 15 in Ice Magic
 93336 | Slime:5  | Entered Level 5 of the Pits of Slime
 93911 | Slime:5  | Noticed the Royal Jelly
 93916 | Slime:5  | Killed the Royal Jelly
 94117 | Slime:5  | Found the +3 Elemental Staff {ele, rElec rF+ rC+ AC+3}
 94130 | Slime:5  | Identified the ring of Piled {rN+ Int+2 Dex+3}
 94132 | Slime:5  | Got a slimy rune of Zot
 94460 | Slime:5  | Paralysed by a formless jellyfish for 1 turns
 94947 | Slime:5  | Identified the ring of Gutte {rElec rF++ Will+ Int+2}
 94951 | Slime:5  | Identified the ring of Ukegimol {Will+ rCorr Int+6}
 94952 | Slime:5  | Identified the +7 great mace "Killer Bee's Death" {spect,
                  | Stlth+}
 95045 | Slime:5  | Identified the ring of Jageosto {Ice rElec Int+3}
 95067 | Slime:5  | Identified the +1 leather armour of Infinity {rN++}
 95735 | Depths:4 | Bought a book of Dangerous Friends for 714 gold pieces
 95960 | D:14     | Learned a level 7 spell: Orb of Destruction
 96171 | Zot:1    | Entered Level 1 of the Realm of Zot
 96171 | Zot:1    | Found the +4 dragonskin cloak {Aegis}
 96171 | Zot:1    | Noticed Tiamat
 96955 | Depths:4 | Found Purchohu's Jewellery Emporium.
 96955 | Depths:4 | Found Vyuny's Book Shop.
 96956 | Depths:4 | Found Digrir's Book Shop.
 97003 | Depths:4 | Killed Tiamat
 97004 | Depths:4 | Reached skill level 15 in Fighting
 97199 | Zot:1    | Reached XP level 23. HP: 180/199 MP: 10/51
 97712 | Elf:3    | Bought a scroll of fear for 52 gold pieces
 97712 | Elf:3    | Bought a potion of heal wounds for 65 gold pieces
 97712 | Elf:3    | Bought a scroll of revelation for 97 gold pieces
 97712 | Elf:3    | Bought a scroll of teleportation for 39 gold pieces
 98287 | Zot:1    | Noticed an orb of fire
 98292 | Zot:1    | Killed an orb of fire
 98899 | Zot:1    | Acquired 1358 gold pieces
100011 | Zot:2    | Found a runed translucent door.
100012 | Zot:2    | Noticed IndexError's ghost (veteran TrGl)
100029 | Zot:2    | Found the +3 crown of Dyrovepreva {rElec Int+2 SInv}
100038 | Zot:2    | Got the Compendium of the Familiar
100344 | Zot:2    | Noticed an orb of fire
100348 | Zot:2    | Killed an orb of fire
100434 | Zot:2    | Noticed a dread lich
100442 | Zot:2    | Killed a dread lich
100636 | Zot:2    | Noticed a Killer Klown
101007 | Zot:2    | Killed a Killer Klown
101567 | Zot:2    | Noticed an orb of fire
101567 | Zot:2    | Gained mutation: You are frail. (-10% HP) [an orb of fire]
101571 | Zot:2    | Killed an orb of fire
101803 | Zot:2    | Noticed an orb of fire
101807 | Zot:2    | Gained mutation: You are occasionally teleported next to
                  | monsters. [an orb of fire]
101808 | Zot:2    | Killed an orb of fire
101809 | Zot:2    | Lost mutation: You are frail. (-10% HP) [potion of
                  | mutation]
101809 | Zot:2    | Lost mutation: You are occasionally teleported next to
                  | monsters. [potion of mutation]
101809 | Zot:2    | Gained mutation: Your body sometimes deteriorates upon
                  | taking damage. [potion of mutation]
101809 | Zot:2    | Gained mutation: You have sharp fingernails. [potion of
                  | mutation]
102679 | Zot:2    | Reached skill level 10 in Armour
102736 | Zot:2    | Found the +3 warlock's mirror {omnireflect}
102752 | Zot:2    | Identified the +1 scale mail of Sepn {rF+}
103119 | Zot:2    | Killed IndexError's ghost
104026 | Zot:3    | Identified the ring "Ogiroeve" {Ice Dex+3 Stlth-}
104026 | Zot:3    | Noticed Josephina
104032 | Zot:3    | Killed Josephina
104234 | Zot:3    | Noticed a Killer Klown
104236 | Zot:3    | Killed a Killer Klown
104585 | Zot:3    | Noticed an orb of fire
104589 | Zot:3    | Killed an orb of fire
104590 | Zot:3    | Reached XP level 24. HP: 199/214 MP: 28/51
106154 | Zot:4    | Noticed an orb of fire
106162 | Zot:4    | Killed an orb of fire
106315 | Zot:4    | Found the +2 pair of slick slippers {slick, slippery, EV+4}
106316 | Zot:4    | Found a transporter.
106323 | Zot:4    | Found a transporter.
106771 | Zot:5    | Entered Level 5 of the Realm of Zot
107068 | Zot:5    | Reached skill level 15 in Armour
108682 | Zot:5    | Noticed an ancient lich
108685 | Zot:5    | Killed an ancient lich
108928 | Zot:5    | Noticed an orb of fire
108935 | Zot:5    | Noticed a dread lich
108937 | Zot:5    | Killed an orb of fire
108957 | Zot:5    | Killed a dread lich
109094 | Zot:5    | Noticed a dread lich
109096 | Zot:5    | Killed a dread lich
109186 | Zot:5    | Noticed a dread lich
109190 | Zot:5    | Killed a dread lich
109194 | Zot:5    | Noticed a dread lich
109200 | Zot:5    | Noticed a Killer Klown
109202 | Zot:5    | Killed a dread lich
109246 | Zot:5    | Noticed an ancient lich
109251 | Zot:5    | Killed an ancient lich
109696 | Zot:5    | Noticed an ancient lich
109699 | Zot:5    | Killed an ancient lich
109919 | Zot:5    | Killed a Killer Klown
110004 | Zot:5    | Noticed a dread lich
110010 | Zot:5    | Killed a dread lich
110503 | Zot:5    | Noticed a Killer Klown
110507 | Zot:5    | Killed a Killer Klown
110787 | Zot:5    | Noticed an orb of fire
110792 | Zot:5    | Killed an orb of fire
110793 | Zot:5    | Reached skill level 15 in Conjurations
110793 | Zot:5    | Reached XP level 25. HP: 203/221 MP: 14/51
110959 | Zot:5    | Noticed a dread lich
110963 | Zot:5    | Killed a dread lich
111127 | Zot:5    | Noticed an ancient lich
111130 | Zot:5    | Killed an ancient lich
111191 | Zot:5    | Noticed a dread lich
111191 | Zot:5    | Noticed an orb of fire
111192 | Zot:5    | Gained mutation: You occasionally shout uncontrollably at
                  | your foes. [an orb of fire]
111193 | Zot:5    | Noticed an ancient lich
111194 | Zot:5    | Killed a dread lich
111199 | Zot:5    | Killed an orb of fire
111205 | Zot:5    | Killed an ancient lich
111230 | Zot:5    | Reached skill level 15 in Earth Magic
111706 | Zot:5    | Got the Orb of Zot
112214 | D:5      | Noticed Ashreaz the pandemonium lord
112308 | D:$      | Escaped with the Orb!

Illustrated notes

Levels and vault maps discovered:
D:1:      minmay_arrival_radiant_lines, layout_loops_ring
D:2:      layout_loops_cross, serial_shops, nicolae_shop_peninsula,
          minmay_misc_feat_diagonals, minmay_indecisive_spiral, uniq_jessica,
          uniq_sigmund, uniq_crazy_yiuf_cottage
D:3:      layout_loops_ring, ebering_ghost_gozag
D:4:      layout_rooms, uniq_blork_the_orc, uniq_edmund, uniq_eustachio,
          uniq_menkaure
D:5:      layout_basic, ebering_ghost_disaster_area, grunt_ministairs_14
D:6:      layout_basic, minmay_temple_entry_waves, uniq_grinder, uniq_jeremiah
D:7:      layout_cave_pools, nicolae_ossuary_entry_monument, serial_shops, shop,
          nicolae_shop_waterfront, nicolae_shop_rolling_square, shop,
          kennysheep_flooded_box, uniq_duvessa
D:8:      layout_rooms, pf_just_have_faith, serial_shops, shop, uniq_pikel
D:9:      layout_loops_cross
D:10:     layout_gridville, mainiacjoe_overflow_catch_the_wave,
          minmay_lair_entry_grove, david_orc_4, uniq_snorg, uniq_amaemon
D:11:     minmay_the_grid_octo_tiled_squarecenter
          [minmay_the_grid_octo_odd_swirl, minmay_the_grid_octo_clover_2,
          minmay_the_grid_octo_tetromino_candy, minmay_the_grid_octo_chip,
          minmay_the_grid_square_5x5_megaprize_checkered,
          minmay_the_grid_square_5x5_hollow_slash, minmay_the_grid_square_5x5_z,
          minmay_the_grid_square_5x5_comb, minmay_the_grid_square_5x5_percent],
          layout_cross, serial_column_ruins, column_ruins_pillar_11,
          column_ruins_pillar_6, column_ruins_pillar_1, column_ruins_pillar_1,
          column_ruins_pillar_2, column_ruins_pillar_3, column_ruins_pillar_12,
          column_ruins_pillar_1, column_ruins_pillar_3, column_ruins_pillar_6,
          column_ruins_pillar_8, column_ruins_pillar_7, column_ruins_pillar_1,
          column_ruins_pillar_11, column_ruins_pillar_3, column_ruins_pillar_1,
          dreamdust_princess_corridor, grunt_livestock, uniq_nergalle,
          uniq_psyche
D:12:     layout_roguey
D:13:     layout_cave_pools, ximxim_vaults_locker_room, minmay_strange_pillars,
          kennysheep_generic_room_14
D:14:     layout_loops_ring, kennysheep_nondescript, kennysheep_donut,
          hangedman_abyss_or_decor_jellyfish_corner, minmay_fractal_squares_5
D:15:     grunt_enter_depths_hoard, layout_basic
Lair:1:   layout_layer_cave, enter_volcano_4, grunt_megastairs_5
Lair:2:   layout_regular_city, nicolae_shoals_entry_flooding,
          spider_nest_entry_rubble, minivault_19, grunt_megastairs_1
Lair:3:   layout_cave_pods, gammafunk_ghost_arena, minivault_27,
          minmay_lindwurm_lava, uniq_nessos
Lair:4:   layout_loops_ring, nicolae_slime_entry_field_trip,
          nicolae_quartered_pool_medium, serial_bayou_shore_a,
          grunt_megastairs_4, infiniplex_staircase_pool
Lair:5:   minmay_lair_end_frog_pond, layout_misc_corridors,
          chequers_serial_rivers_micro_a
Shoals:1: layout_shoals, nicolae_shoals_lost_giant_hut
Shoals:2: layout_shoals, uniq_polyphemus
Shoals:3: layout_shoals
Shoals:4: shoals_end_hellmonk_storm_palace [storm_palace_center_ruins,
          storm_palace_corner_pillars, storm_palace_corner_narrow,
          storm_palace_corner_altar, storm_palace_corner_reverse_hut]
Spider:1: layout_cave_pods, nicolae_spider_some_kinda_spiderbox, uniq_donald
Spider:2: layout_spider_delve, uniq_arachne
Spider:3: layout_spider_delve, uniq_louise
Spider:4: guppyfry_spider_rune, uniq_bai_suzhen
Slime:1:  layout_caves
Slime:2:  layout_caves, nicolae_slime_welcoming_committee
Slime:3:  layout_caves
Slime:4:  layout_caves
Slime:5:  slime_pit_nicolae_trefoil
Orc:1:    layout_caves, nicolae_shop_firing_range
Orc:2:    pf_orc_diabolical, layout_diamond_mine, serial_shops, shop,
          nicolae_square_shop, mines2_david, uniq_azrael
Elf:1:    layout_rooms, nicolae_elf_blasts_and_bolts
Elf:2:    elven_hall_of_blades_hangedman_original
          [nicolae_blade_entry_hurt_lockers], layout_geoelf_grid, serial_shops,
          shop
Elf:3:    minmay_elf_hall_hex, layout_geoelf_octagon,
          portal_ice_cave_entry_frozen_things, serial_shops, shop,
          hangedman_elf_targeted_burst
Vaults:1: v_misc_22, hangedman_vaults_maws, nicolae_vaults_lopsided_apartments,
          nicolae_vaults_double_plus_3, nicolae_vaults_closet_pinwheel_1,
          nicolae_vaults_ring_of_whatevers, nicolae_vaults_big_ls,
          layout_vaults_omnigrid
Vaults:2: nicolae_vaults_ring_of_whatevers,
          nicolae_vaults_shipping_containers_5,
          nicolae_vaults_closet_pinwheel_5, vaults_room_grunt_arrival_ludios,
          minmay_crypt_entry_necro_gods, nicolae_vaults_network_s,
          nicolae_vaults_double_plus_3, grunt_vaults_focal,
          nicolae_vaults_big_angled_halls, hangedman_vaults_variations,
          vaults_mumra_hex, vaults_room_stairs_pillars,
          nicolae_vaults_frosty_reception, ontoclasm_vaults_pinch,
          layout_vaults_ring
Vaults:3: v_alt_pattern_1, v_alt_pattern_6, nicolae_vaults_theta,
          vaults_mumra_minichess, hangedman_vaults_slice, vaults_room_octagon,
          ontoclasm_vaults_eye, nicolae_vaults_double_plus_3,
          nicolae_vaults_ninety_degrees, nicolae_vaults_trapezoid_2,
          nicolae_vaults_taking_the_gang_shopping, layout_vaults_chaotic_city,
          uniq_saint_roka
Vaults:4: nicolae_vaults_storage_room_statues, nicolae_vaults_ring_of_whatevers,
          nicolae_vaults_little_guard_posts, hangedman_vaults_corner_blocks,
          vaults_room_semicircle, ontoclasm_vaults_spin, grunt_vaults_twisty,
          nicolae_vaults_sesquioval_fish, hangedman_vaults_cutoff,
          nicolae_vaults_mitosis, serial_ice_b, layout_vaults_omnicross
Depths:1: layout_forbidden_donut, enter_ziggurat_b,
          nicolae_qazlal_general_emergency, abyss_entry, grunt_mini_vestibule,
          grunt_tower_of_power, uniq_asterion, uniq_boris, uniq_nikola
Depths:2: gammafunk_the_bubble [the_bubble_gammafunk_split], layout_gridlike,
          serial_shops, bzr_entry_safe, pan_entry, hell_entry
Depths:3: minmay_roctagon, layout_gridlike, hell_entry,
          minmay_misc_feat_nine_boxes, minmay_room_of_horrors, minmay_shop_star,
          infiniplex_staircase_zigzag_5
Depths:4: grunt_zot_entry_alcove, layout_small_grid, abyss_entry,
          chequers_serial_rivers_small_3, pf_coc_iceberg, kennysheep_doodads,
          lemuel_statue_altar, minmay_shop_grove
Zot:1:    layout_gridlike, uniq_tiamat
Zot:2:    grunt_deathspiral_small, layout_onion_interference,
          hellmonk_ghost_big_iron, st_small_dragon_hoard_1,
          nicolae_lava_and_water
Zot:3:    layout_basic, uniq_josephina
Zot:4:    gammafunk_sealed_arena, layout_misc_corridors
Zot:5:    layout_gridlike

Skill      XL: |  1  2  3  4  5  6  7  8  9 10 11 12 13 14 15 16 17 18 19 20 21 22 23 24 25 |
---------------+----------------------------------------------------------------------------+-----
Spellcasting   | 2 3 4 5 6 7 9 11 12 13 17 | 17.5
Summonings     | 4 5 6 7 8 |  8.0
Air Magic      | 3 5 6 |  6.0
Evocations     | 3 4 5 7 9 10 12 | 12.0
Ice Magic      | 4 8 11 12 13 15 | 15.0
Fighting       | 3 4 6 8 10 11 13 14 15 17 | 17.0
Dodging        | 2 4 6 7 9 10 11 14 17 | 17.0
Earth Magic    | 5 9 10 11 12 15 | 15.0
Shields        | 4 5 6 7 9 |  9.7
Armour         | 4 5 12 17 | 17.0
Alchemy        | 4 6 10 | 10.5
Conjurations   | 3 12 13 15 | 15.0
Stealth        | |  1.7

Action                     |  1- 3 |  4- 6 |  7- 9 | 10-12 | 13-15 | 16-18 | 19-21 | 22-24 | 25-27 || total
---------------------------+-------+-------+-------+-------+-------+-------+-------+-------+-------++-------
  Melee: Trident           |    12 |    21 |    44 |    38 |   122 |       |       |       |       ||   237
         Staff             |       |       |       |       |       |    47 |   111 |    75 |     3 ||   236
   Cast: Summon Small Mamm |    36 |    20 |     5 |       |       |       |       |       |       ||    61
         Call Imp          |    24 |    29 |    36 |     8 |     2 |       |       |       |       ||    99
         Call Canine Famil |       |    11 |    43 |    64 |    43 |    10 |       |       |       ||   171
         Summon Lightning  |       |       |    32 |    71 |    67 |    18 |     2 |       |       ||   190
         Summon Ice Beast  |       |       |    14 |    50 |    27 |     6 |       |       |       ||    97
         Lee's Rapid Decon |       |       |       |    57 |   143 |   142 |   213 |    94 |       ||   649
         Permafrost Erupti |       |       |       |       |   145 |   301 |   399 |   225 |    12 ||  1082
         Olgreb's Toxic Ra |       |       |       |       |       |   127 |       |       |       ||   127
         Sculpt Simulacrum |       |       |       |       |       |    12 |       |       |       ||    12
         Freezing Cloud    |       |       |       |       |       |       |    30 |     4 |       ||    34
         Irradiate         |       |       |       |       |       |       |    35 |    58 |     3 ||    96
         Bombard           |       |       |       |       |       |       |    44 |   213 |     7 ||   264
         Yara's Violent Un |       |       |       |       |       |       |     2 |    14 |     1 ||    17
         Ozocubu's Refrige |       |       |       |       |       |       |       |   107 |     6 ||   113
         Orb of Destructio |       |       |       |       |       |       |       |    45 |     9 ||    54
         Blink             |       |       |       |       |       |       |       |     5 |       ||     5
  Evoke: Wand              |       |       |       |     7 |     3 |    12 |    11 |       |     4 ||    37
         Lightning rod     |       |       |       |       |     6 |     4 |       |       |       ||    10
         Phial of floods   |       |       |       |       |     2 |       |       |       |       ||     2
         Tin of tremorston |       |       |       |       |       |       |     1 |       |       ||     1
         Phantom mirror    |       |       |       |       |       |       |       |       |     1 ||     1
    Use: Scroll            |     2 |     1 |     7 |    12 |    10 |     8 |    11 |     7 |     2 ||    60
         Potion            |       |       |       |       |     2 |     3 |     6 |     4 |       ||    15
   Stab: Distracted        |       |       |     1 |     1 |     3 |       |       |       |       ||     5
         Betrayed ally     |       |       |       |     1 |       |       |       |       |       ||     1
 Armour: Robe              |    16 |    20 |     2 |       |       |       |       |       |       ||    38
         Leather armour    |       |       |    39 |   106 |   243 |   325 |   304 |   189 |       ||  1206
         Ring mail         |       |       |       |     1 |       |       |       |       |       ||     1
         Quicksilver drago |       |       |       |       |       |       |       |   214 |    11 ||   225
  Dodge: Dodged            |    17 |    16 |    46 |    57 |   167 |   245 |   383 |   351 |    11 ||  1293
  Block: Other             |       |       |    12 |     6 |       |       |       |       |       ||    18
         Reflection        |       |       |     1 |     8 |    18 |    26 |       |       |       ||    53
         Buckler           |       |       |       |    43 |   185 |   254 |   166 |   126 |     4 ||   778

Table legend: (Time is in decaauts)
 A = Elapsed time spent in this place.
 B = Non-inter-level travel time spent in this place.
 C = Inter-level travel time spent in this place.
 D = Time resting spent in this place.
 E = Time spent auto-exploring this place.
 F = Levels seen in this place.
 G = Mean time per level.
                   A        B        C        D        E       F      G
               +--------+--------+--------+--------+--------+-----+--------+
         Total | 113172 | 101250 |  11922 |  53247 |  24345 |  55 | 2057.7 |
       Dungeon |  27093 |  21976 |   5117 |   8814 |   4620 |  15 | 1806.2 |
          Lair |  11605 |  10714 |    891 |   5255 |   3301 |   5 | 2321.0 |
        Shoals |   8202 |   7676 |    526 |   4174 |   1983 |   4 | 2050.5 |
   Spider Nest |  13097 |  11928 |   1169 |   7348 |   2547 |   4 | 3274.2 |
    Slime Pits |   3367 |   3064 |    303 |   1863 |    422 |   5 |  673.4 |
  Orcish Mines |   4592 |   3902 |    690 |   2296 |    950 |   2 | 2296.0 |
   Elven Halls |   6255 |   5705 |    550 |   3179 |   1382 |   3 | 2085.0 |
        Vaults |  11445 |  10966 |    479 |   5620 |   3785 |   4 | 2861.2 |
        Depths |  11239 |   9715 |   1524 |   5466 |   2425 |   4 | 2809.8 |
           Zot |  13678 |  13009 |    669 |   7922 |   2928 |   5 | 2735.6 |
        Bazaar |    235 |    235 |      0 |    167 |      0 |   1 |  235.0 |
       Ossuary |    964 |    964 |      0 |    436 |      0 |   1 |  964.0 |
      Ice Cave |    266 |    266 |      0 |    214 |      0 |   1 |  266.0 |
       Volcano |   1127 |   1127 |      0 |    490 |      0 |   1 | 1127.0 |
               +--------+--------+--------+--------+--------+-----+--------+

Top non-repeatable levels by time:
Spider:3: 5381 daAuts
   Zot:5: 4997 daAuts
   Orc:2: 3894 daAuts
    D:10: 3844 daAuts
Spider:2: 3675 daAuts
   Zot:2: 3562 daAuts
   Elf:3: 3428 daAuts
Vaults:3: 3238 daAuts
  Lair:4: 3192 daAuts
Vaults:1: 3157 daAuts
Depths:2: 3140 daAuts
  Lair:3: 3071 daAuts
    D:11: 2968 daAuts
Vaults:2: 2894 daAuts
Depths:4: 2878 daAuts
